| TOP OF THE 1ST |
|
Missoula Osprey batting - Pitching for Washington (APP) Nationals : LHP Ed Thorpe Jr.
|
|
Pitching: LHP Ed Thorpe Jr.
|
|
|
Batting: RHB Mike Smith
|
0-0: Called Strike 0-1: Ball 1-1: Ball 2-1: Foul Ball, location: 2F 2-2: Ball 3-2: Base on Balls
|
|
Batting: RHB Hector Tabares
|
0-0: Foul Ball, location: 2F 0-1: Fielders Choice at 2nd, 1-6 (Groundball, 34S, EV 61.9 MPH)
|
|
Batting: LHB Danny Salas
|
0-0: Ball Hector Tabares steals 2nd, throwing error, E2 Hector Tabares to third 1-0: Called Strike 1-1: Foul Ball, location: 2F 1-2: Ball 2-2: Foul Ball, location: 2F 2-2: Foul Ball, location: 2F 2-2: Foul Ball, location: 2F 2-2: Ball 3-2: Strikes out swinging
|
|
Batting: LHB Ron Mills
|
0-0: Called Strike 0-1: Ball 1-1: Swinging Strike 1-2: Foul Ball, location: 2F 1-2: Strikes out looking
|
| Top of the 1st over - 0 runs, 0 hits, 1 error, 1 left on base; Missoula 0 - Washington (APP) 0 |
| BOTTOM OF THE 1ST |
|
Washington (APP) Nationals batting - Pitching for Missoula Osprey : LHP Cory Youngquist
|
|
Pitching: LHP Cory Youngquist
|
|
|
Batting: SHB Nolan Carew
|
0-0: Called Strike 0-1: Foul Ball, location: 2F 0-2: Ground out 5-3 (Groundball, 56S, EV 87.5 MPH)
|
|
Batting: RHB Taffounnout Kame
|
0-0: Ball 1-0: Called Strike 1-1: Foul Ball, location: 2F 1-2: Ball 2-2: Foul Ball, location: 2F 2-2: Ball 3-2: Foul Ball, location: 2F 3-2: Foul Ball, location: 2F 3-2: Foul Ball, location: 2F 3-2: Foul Ball, location: 2F 3-2: Strikes out looking
|
|
Batting: RHB Justin Davenport
|
0-0: Ball 1-0: Ball 2-0: SOLO HOME RUN (Flyball, 8LXD, EV 115.6 MPH), Distance : 442 ft
|
|
Batting: RHB Xavier Reeves
|
0-0: Ball 1-0: Called Strike 1-1: Foul Ball, location: 2F 1-2: Strikes out swinging
|
| Bottom of the 1st over - 1 run, 1 hit, 0 errors, 0 left on base; Missoula 0 - Washington (APP) 1 |
| TOP OF THE 2ND |
|
Missoula Osprey batting - Pitching for Washington (APP) Nationals : LHP Ed Thorpe Jr.
|
|
Batting: RHB Jimmy McIntosh
|
0-0: Fly out, F7 (Flyball, 78M, EV 95.0 MPH)
|
|
Batting: RHB Isaiah Hampton
|
0-0: Foul Ball, location: 2F 0-1: SINGLE (Flyball, 8LS, EV 95.6 MPH)
|
|
Batting: RHB Hyeok Shon
|
0-0: Swinging Strike 0-1: Swinging Strike 0-2: Foul Ball, location: 2F 0-2: Ball 1-2: Ball 2-2: Ball 3-2: Strikes out looking
|
|
Batting: RHB Jose Cuellar
|
0-0: Ball 1-0: Ball 2-0: Foul Ball, location: 2F 2-1: Ground out 6-3 (Groundball, 6D, EV 108.8 MPH)
|
| Top of the 2nd over - 0 runs, 1 hit, 0 errors, 1 left on base; Missoula 0 - Washington (APP) 1 |
| BOTTOM OF THE 2ND |
|
Washington (APP) Nationals batting - Pitching for Missoula Osprey : LHP Cory Youngquist
|
|
Batting: LHB Chris Williams
|
0-0: Ball 1-0: Ball 2-0: Ball 3-0: Base on Balls
|
|
Batting: RHB Aaron Bateman
|
0-0: Ball 1-0: Foul Ball, location: 2F 1-1: Ball 2-1: Swinging Strike 2-2: Ball 3-2: Foul Ball, location: 2F 3-2: Foul Ball, location: 2F 3-2: SINGLE (Groundball, 56D, EV 105.0 MPH) Chris Williams to second
|
|
Batting: RHB Steve Kunselman
|
0-0: Ball 1-0: Ball 2-0: 3-RUN HOME RUN (Line Drive, 78XD, EV 115.6 MPH), Distance : 446 ft
|
|
Batting: RHB Jason Ewert
|
0-0: Ball 1-0: Ball 2-0: Called Strike 2-1: Fly out, F9 (Flyball, 89M, EV 92.5 MPH)
|
|
Batting: SHB Ed Thorpe Jr.
|
0-0: Ball 1-0: Called Strike 1-1: Ball 2-1: Fly out, F9 (Flyball, 89S, EV 88.8 MPH)
|
|
Batting: SHB Nolan Carew
|
0-0: Called Strike 0-1: Ground out 4-3 (Groundball, 4, EV 105.6 MPH)
|
| Bottom of the 2nd over - 3 runs, 2 hits, 0 errors, 0 left on base; Missoula 0 - Washington (APP) 4 |
| TOP OF THE 3RD |
|
Missoula Osprey batting - Pitching for Washington (APP) Nationals : LHP Ed Thorpe Jr.
|
|
Batting: RHB Juan Mejia
|
0-0: Ball 1-0: Fly out, F8 (Flyball, 8RD, EV 91.9 MPH)
|
|
Batting: RHB Mike Smith
|
0-0: Ball 1-0: Foul Ball, location: 2F 1-1: Foul Ball, location: 2F 1-2: Strikes out swinging
|
|
Batting: RHB Hector Tabares
|
0-0: Called Strike 0-1: Called Strike 0-2: Ball 1-2: Ball 2-2: Foul Ball, location: 2F 2-2: Foul Ball, location: 2F 2-2: Ball 3-2: Foul Ball, location: 2F 3-2: Base on Balls
|
|
Batting: LHB Danny Salas
|
0-0: Ground out 4-3 (Groundball, 13, EV 78.1 MPH)
|
| Top of the 3rd over - 0 runs, 0 hits, 0 errors, 1 left on base; Missoula 0 - Washington (APP) 4 |
| BOTTOM OF THE 3RD |
|
Washington (APP) Nationals batting - Pitching for Missoula Osprey : LHP Cory Youngquist
|
|
Batting: RHB Taffounnout Kame
|
0-0: Ball 1-0: Ground out 4-3 (Groundball, 4, EV 86.9 MPH)
|
|
Batting: RHB Justin Davenport
|
0-0: Foul Ball, location: 2F 0-1: Foul Ball, location: 2F 0-2: Ball 1-2: Ball 2-2: DOUBLE (Line Drive, 9LS, EV 100.0 MPH)
|
|
Batting: RHB Xavier Reeves
|
0-0: Called Strike 0-1: DOUBLE (Line Drive, 89D, EV 106.2 MPH) Justin Davenport scores
|
|
Pitching: RHP D.J. Bryant
|
|
|
Batting: LHB Chris Williams
|
0-0: Foul Ball, location: 2F 0-1: Ball Xavier Reeves is caught stealing 3rd base 2-5 1-1: Foul Ball, location: 2F 1-2: Ball 2-2: Ball 3-2: Ground out 5-3 (Groundball, 56, EV 108.8 MPH)
|
| Bottom of the 3rd over - 1 run, 2 hits, 0 errors, 0 left on base; Missoula 0 - Washington (APP) 5 |
| TOP OF THE 4TH |
|
Missoula Osprey batting - Pitching for Washington (APP) Nationals : LHP Ed Thorpe Jr.
|
|
Batting: LHB Ron Mills
|
0-0: Ball 1-0: Called Strike 1-1: Swinging Strike 1-2: Strikes out swinging
|
|
Batting: RHB Jimmy McIntosh
|
0-0: Called Strike 0-1: Ball 1-1: Called Strike 1-2: Ball 2-2: Ball 3-2: Foul Ball, location: 2F 3-2: Strikes out swinging
|
|
Batting: RHB Isaiah Hampton
|
0-0: Ground out 6-3 (Groundball, 6S, EV 85.6 MPH)
|
| Top of the 4th over - 0 runs, 0 hits, 0 errors, 0 left on base; Missoula 0 - Washington (APP) 5 |
| BOTTOM OF THE 4TH |
|
Washington (APP) Nationals batting - Pitching for Missoula Osprey : RHP D.J. Bryant
|
|
Batting: RHB Aaron Bateman
|
0-0: Ball 1-0: Ball 2-0: Called Strike 2-1: Ball 3-1: Base on Balls
|
|
Batting: RHB Steve Kunselman
|
0-0: Ball 1-0: Ball Passed Ball! Aaron Bateman to second 2-0: Called Strike 2-1: Reached on error, E4 (Groundball, 4, EV 93.1 MPH) Aaron Bateman to third
|
|
Batting: RHB Jason Ewert
|
0-0: Called Strike 0-1: Called Strike 0-2: Strikes out swinging
|
|
Batting: SHB Ed Thorpe Jr.
|
0-0: Hit by Pitch Steve Kunselman to second
|
|
Batting: SHB Nolan Carew
|
0-0: Ball 1-0: Ground out 4-3 (Groundball, 34D, EV 87.5 MPH) Aaron Bateman scores Steve Kunselman to third Ed Thorpe Jr. to second
|
|
Batting: RHB Taffounnout Kame
|
0-0: Called Strike 0-1: Ball 1-1: Ground out 6-3 (Groundball, 6, EV 78.8 MPH)
|
| Bottom of the 4th over - 1 run, 0 hits, 1 error, 2 left on base; Missoula 0 - Washington (APP) 6 |
| TOP OF THE 5TH |
|
Missoula Osprey batting - Pitching for Washington (APP) Nationals : LHP Ed Thorpe Jr.
|
|
Batting: RHB Hyeok Shon
|
0-0: Foul Ball, location: 2F 0-1: Ball 1-1: Ball 2-1: Ball 3-1: Foul Ball, location: 2F 3-2: Base on Balls
|
|
Batting: RHB Jose Cuellar
|
0-0: Ball 1-0: Grounds into double play, 4-6-3 (Groundball, 4, EV 88.8 MPH)
|
|
Batting: RHB Juan Mejia
|
0-0: Ball 1-0: Called Strike 1-1: Foul Ball, location: 2F 1-2: Foul Ball, location: 2F 1-2: Foul Ball, location: 2F 1-2: Ball 2-2: Strikes out swinging
|
| Top of the 5th over - 0 runs, 0 hits, 0 errors, 0 left on base; Missoula 0 - Washington (APP) 6 |
| BOTTOM OF THE 5TH |
|
Washington (APP) Nationals batting - Pitching for Missoula Osprey : RHP D.J. Bryant
|
|
Batting: RHB Justin Davenport
|
0-0: Ball 1-0: Foul Ball, location: 2F 1-1: SOLO HOME RUN (Flyball, 7LD, EV 95.0 MPH), Distance : 369 ft
|
|
Batting: RHB Xavier Reeves
|
0-0: Ball 1-0: Fly out, F8 (Flyball, 8RD, EV 81.9 MPH)
|
|
Batting: LHB Chris Williams
|
0-0: Ball 1-0: Ball 2-0: Called Strike 2-1: SOLO HOME RUN (Flyball, 9D, EV 98.8 MPH), Distance : 367 ft
|
|
Batting: RHB Aaron Bateman
|
0-0: Ball 1-0: Ball 2-0: Ball 3-0: Base on Balls
|
|
Batting: RHB Steve Kunselman
|
0-0: SINGLE (Flyball, 6MD, EV 84.4 MPH) Aaron Bateman to second
|
|
Batting: RHB Jason Ewert
|
0-0: Ball 1-0: Ball 2-0: Ball 3-0: Base on Balls Aaron Bateman to third Steve Kunselman to second
|
|
Batting: SHB Ed Thorpe Jr.
|
0-0: Ball 1-0: Ball 2-0: Fly out, F7 (Flyball, 7, EV 83.8 MPH)
|
|
Batting: SHB Nolan Carew
|
0-0: Foul Ball, location: 2F 0-1: Foul Ball, location: 2F 0-2: Ball 1-2: Strikes out swinging
|
| Bottom of the 5th over - 2 runs, 3 hits, 0 errors, 3 left on base; Missoula 0 - Washington (APP) 8 |
| TOP OF THE 6TH |
|
Missoula Osprey batting - Pitching for Washington (APP) Nationals : LHP Ed Thorpe Jr.
|
|
Pitching: RHP Cheng-ho Tai
|
|
|
Batting: RHB Mike Smith
|
0-0: Ball 1-0: Swinging Strike 1-1: Foul Ball, location: 2F 1-2: Foul Ball, location: 2F 1-2: Foul Ball, location: 2F 1-2: Strikes out swinging
|
|
Batting: RHB Hector Tabares
|
0-0: Foul Ball, location: 2F 0-1: Foul Ball, location: 2F 0-2: Foul Ball, location: 2F 0-2: Strikes out swinging
|
|
Batting: LHB Danny Salas
|
0-0: Called Strike 0-1: Ball 1-1: Ball 2-1: Foul Ball, location: 2F 2-2: Ball 3-2: Ground out 2-3 (Groundball, 2R, EV 62.5 MPH)
|
| Top of the 6th over - 0 runs, 0 hits, 0 errors, 0 left on base; Missoula 0 - Washington (APP) 8 |
| BOTTOM OF THE 6TH |
|
Washington (APP) Nationals batting - Pitching for Missoula Osprey : RHP D.J. Bryant
|
|
Pitching: RHP Jon Wernli
|
|
|
Batting: RHB Taffounnout Kame
|
0-0: Called Strike 0-1: Foul Ball, location: 2F 0-2: Foul Ball, location: 2F 0-2: DOUBLE (Line Drive, 78XD, EV 109.4 MPH)
|
|
Batting: RHB Justin Davenport
|
0-0: Called Strike 0-1: Ball 1-1: Swinging Strike 1-2: Ball 2-2: Ball 3-2: Foul Ball, location: 2F 3-2: Base on Balls
|
|
Batting: RHB Xavier Reeves
|
0-0: Called Strike 0-1: DOUBLE (Line Drive, 78D, EV 108.8 MPH) Taffounnout Kame scores Justin Davenport to third
|
|
Batting: LHB Chris Williams
|
0-0: Called Strike 0-1: Ball 1-1: Ball 2-1: Ball 3-1: Foul Ball, location: 2F 3-2: Base on Balls
|
|
Batting: RHB Aaron Bateman
|
0-0: Swinging Strike 0-1: Ball 1-1: Called Strike 1-2: Fly out, F8 (Flyball, 89S, EV 82.5 MPH)
|
|
Batting: RHB Steve Kunselman
|
0-0: Ball 1-0: Ball 2-0: Called Strike 2-1: GRAND SLAM HOME RUN (Flyball, 7D, EV 98.1 MPH), Distance : 388 ft
|
|
Pitching: RHP Javier Rosales
|
|
|
Batting: RHB Jason Ewert
|
0-0: Ball 1-0: Ball 2-0: Called Strike 2-1: Ball 3-1: Foul Ball, location: 2F 3-2: Ground out 6-3 (Groundball, 6, EV 101.2 MPH)
|
|
Batting: SHB Ed Thorpe Jr.
|
0-0: Ball 1-0: Ball 2-0: Ball 3-0: Base on Balls
|
|
Batting: SHB Nolan Carew
|
0-0: Called Strike 0-1: Ball 1-1: Ball 2-1: SINGLE (Flyball, 89S, EV 89.4 MPH) Ed Thorpe Jr. to second Runner from 2nd tries for 3rd, SAFE, throw by RF made to third
|
|
Batting: RHB Taffounnout Kame
|
0-0: Called Strike 0-1: Ball 1-1: Fly out, F8 (Flyball, 89S, EV 85.0 MPH)
|
| Bottom of the 6th over - 5 runs, 4 hits, 0 errors, 2 left on base; Missoula 0 - Washington (APP) 13 |
| TOP OF THE 7TH |
|
Missoula Osprey batting - Pitching for Washington (APP) Nationals : RHP Cheng-ho Tai
|
|
Batting: LHB Ron Mills
|
0-0: Swinging Strike 0-1: Swinging Strike 0-2: Strikes out swinging
|
|
Batting: RHB Jimmy McIntosh
|
0-0: Foul Ball, location: 2F 0-1: Called Strike 0-2: Ball 1-2: Strikes out swinging
|
|
Batting: RHB Isaiah Hampton
|
0-0: Swinging Strike 0-1: Ground out 6-3 (Groundball, 6, EV 103.1 MPH)
|
| Top of the 7th over - 0 runs, 0 hits, 0 errors, 0 left on base; Missoula 0 - Washington (APP) 13 |
| BOTTOM OF THE 7TH |
|
Washington (APP) Nationals batting - Pitching for Missoula Osprey : RHP Javier Rosales
|
|
Batting: RHB Justin Davenport
|
0-0: Called Strike 0-1: Swinging Strike 0-2: Ball 1-2: Strikes out looking
|
|
Pinch Hitting: RHB Justin Van Houten
|
0-0: Foul Ball, location: 2F 0-1: Foul Ball, location: 2F 0-2: Strikes out swinging
|
|
Pinch Hitting: RHB Chad Madsen
|
0-0: Foul Ball, location: 2F 0-1: Foul Ball, location: 2F 0-2: Ball 1-2: Foul Ball, location: 2F 1-2: Ball 2-2: Foul Ball, location: 2F 2-2: Ball 3-2: Strikes out swinging
|
| Bottom of the 7th over - 0 runs, 0 hits, 0 errors, 0 left on base; Missoula 0 - Washington (APP) 13 |
| TOP OF THE 8TH |
|
Missoula Osprey batting - Pitching for Washington (APP) Nationals : RHP Cheng-ho Tai
|
|
Now at SS: Taffounnout Kame
|
|
|
Now in LF: Chad Madsen
|
|
|
Now in CF: Justin Van Houten
|
|
|
Now in RF: Steve Kunselman
|
|
|
Batting: RHB Hyeok Shon
|
0-0: Ball 1-0: Ball 2-0: Foul Ball, location: 2F 2-1: Ball 3-1: Swinging Strike 3-2: Ground out 4-3 (Groundball, 34, EV 91.9 MPH)
|
|
Pitching: RHP Omar Perez
|
|
|
Batting: LHB Nelson Pelico
|
0-0: Fly out, F9 (Flyball, 89M, EV 88.1 MPH)
|
|
Pinch Hitting: RHB Devon House
|
0-0: Called Strike 0-1: Swinging Strike 0-2: Hit by Pitch
|
|
Batting: RHB Mike Smith
|
0-0: Ball 1-0: DOUBLE (Groundball, 5L, EV 105.0 MPH) Devon House to third
|
|
Batting: RHB Hector Tabares
|
0-0: SINGLE (Line Drive, 56, EV 96.9 MPH) Devon House scores Mike Smith to third Runner from 3rd tries for Home, SAFE, throw by LF to home
|
|
Batting: LHB Danny Salas
|
0-0: Ball 1-0: Foul Ball, location: 2F 1-1: Ball 2-1: Called Strike 2-2: Ball 3-2: Foul Ball, location: 2F 3-2: Strikes out swinging
|
| Top of the 8th over - 2 runs, 2 hits, 0 errors, 1 left on base; Missoula 2 - Washington (APP) 13 |
| BOTTOM OF THE 8TH |
|
Washington (APP) Nationals batting - Pitching for Missoula Osprey : RHP Javier Rosales
|
|
Now at 1B: Edwin Romero
|
|
|
Batting: RHB Aaron Bateman
|
0-0: Ball 1-0: Ball 2-0: Ball 3-0: Base on Balls
|
|
Pitching: RHP Ramiz JambakurIan
|
|
|
Batting: RHB Steve Kunselman
|
0-0: Ball 1-0: Foul Ball, location: 2F 1-1: Called Strike 1-2: Ball 2-2: Ball 3-2: Strikes out looking Aaron Bateman steals 2nd base Batter strikes out.
|
|
Batting: RHB Jason Ewert
|
0-0: Fly out, F7 (Line Drive, 7, EV 89.4 MPH)
|
|
Batting: SHB Ed Thorpe Jr.
|
0-0: Ball 1-0: Ball 2-0: Ball 3-0: Called Strike 3-1: Fly out, F9 (Flyball, 9, EV 90.6 MPH)
|
| Bottom of the 8th over - 0 runs, 0 hits, 0 errors, 1 left on base; Missoula 2 - Washington (APP) 13 |
| TOP OF THE 9TH |
|
Missoula Osprey batting - Pitching for Washington (APP) Nationals : RHP Omar Perez
|
|
Pinch Hitting: RHB Dave Beerman
|
0-0: Ground out 6-3 (Groundball, 6M, EV 85.6 MPH)
|
|
Batting: RHB Jimmy McIntosh
|
0-0: Ball 1-0: Foul Ball, location: 2F 1-1: Ball 2-1: Foul Ball, location: 2F 2-2: Foul Ball, location: 2F 2-2: Foul Ball, location: 2F 2-2: Foul Ball, location: 2F 2-2: Foul Ball, location: 2F 2-2: Foul Ball, location: 2F 2-2: Ball 3-2: Base on Balls
|
|
Pitching: RHP Ramiro Ramirez
|
|
|
Batting: RHB Isaiah Hampton
|
0-0: Ball 1-0: Ball 2-0: Ball 3-0: Base on Balls Jimmy McIntosh to second
|
|
Batting: RHB Hyeok Shon
|
0-0: Called Strike 0-1: Called Strike 0-2: Ball 1-2: Strikes out swinging
|
|
Pitching: LHP Mike Rosas
|
|
|
Batting: LHB Nelson Pelico
|
0-0: Called Strike 0-1: DOUBLE (Line Drive, 9LM, EV 111.9 MPH) Jimmy McIntosh scores Isaiah Hampton to third
|
|
Batting: RHB Edwin Romero
|
0-0: Fly out, F8 (Line Drive, 8RD, EV 89.4 MPH)
|
| Top of the 9th over - 1 run, 1 hit, 0 errors, 2 left on base; Missoula 3 - Washington (APP) 13 |
|